 Dungeon Crawl Stone Soup version bcrawl-1.27.3 (webtiles) character file.

Game seed: 2848287752233935377

98146 MisterOstroum the Gusty (level 3, -2/19 HPs)
             Began as an Avariel Air Elementalist on Sept 7, 2020.
             Was an Initiate of Sif Muna.
             Killed by nerve-wracking pain
             ... invoked by Jessica
              (5 damage)
             ... on level 2 of the Dungeon.
             The game lasted 00:01:54 (1189 turns).

MisterOstroum the Gusty (Avariel Air Elementalist)  Turns: 1189, Time: 00:01:55

Health: -2/19      AC:  2    Str:  6    XL:     3   Next: 14%
Magic:  5/9        EV: 13    Int: 21    God:    Sif Muna [......]
Gold:   135        SH:  0    Dex: 18    Spells: 4/7 levels left

rFire    . . .     SeeInvis .   a - +0 hunting sling
rCold    . . .     Gourm    .   (no shield)
rNeg     . . .     Faith    .   n - +0 robe
rPois    .         Spirit   .   (no helmet)
rElec    .         Reflect  .   (no cloak)
rCorr    .         Harm     .   (no gloves)
MR       .....                  (no boots)
Stlth    ..........             (no amulet)
HPRegen  0.06/turn              j - ring "Anoc" {Dex+5 Slay-4 Stlth--} (curse)
MPRegen  0.11/turn              (no ring)

@: no status effects
A: no striking features
a: Divine Energy, Renounce Religion


You were on level 2 of the Dungeon.
You worshipped Sif Muna.
Sif Muna was noncommittal.
You were not hungry.

You visited 1 branch of the dungeon, and saw 2 of its levels.

You collected 135 gold pieces.

Inventory:

Hand Weapons
 a - a +0 hunting sling (weapon)
 b - a +0 dagger
 o - a +0 rapier
Missiles
 d - 208 sling bullets (quivered)
 k - 418 stones
 s - 115 bolts
Armour
 n - a +0 robe (worn)
 p - a +0 pair of gloves
 r - a +0 pair of gloves
Jewellery
 j - the cursed ring "Anoc" (left hand) {Dex+5 Slay-4 Stlth--}
   (You found it on level 2 of the Dungeon)

   [ring of attention]

   It affects your dexterity (+5).
   It affects your accuracy and damage with ranged weapons and melee attacks
   (-4).
   It makes you much less stealthy.
   It has a curse placed upon it.
Scrolls
 l - a scroll of noise {unknown}
 m - a scroll of teleportation {unknown}
 q - a scroll of identify {@r1}
Potions
 c - 3 potions of flight
 f - a potion of curing {unknown}
 h - a potion of degeneration {unknown}
 i - 2 potions of mutation {unknown}
Comestibles
 e - 2 rations {!d}
 g - 2 chunks of flesh


   Skills:
 - Level 2.1 Dodging
 - Level 2.1 Stealth
 - Level 2.6 Spellcasting
 * Level 3.4 Conjurations
 + Level 4.5 Air Magic


You had 4 spell levels left.
You knew the following spells:

 Your Spells              Type           Power        Failure   Level  Hunger
a - Shock                 Conj/Air       ###..        2%          1    None
b - Swiftness             Chrm/Air       ##......     9%          2    ##.....

Your spell library contained the following spells:

 Spells                   Type           Power        Failure   Level  Hunger
 Static Discharge         Air            ###.....     6%          3    ####...
 Airstrike                Air            ###.......   22%         4    #####..
 Lightning Bolt           Conj/Air       ###.......   58%         5    #######


Dungeon Overview and Level Annotations

Branches:
Dungeon (2/12)

Altars:
Sif Muna

Annotations:
D:2 Jessica


Message History

Adjust to which letter? (? for menu, Esc to quit)
a - a +0 hunting sling;
n - a +0 robe (worn)
a - a +0 hunting sling (weapon)
You now have 94 gold pieces (gained 19).
You see here a dagger.
You open the door.
Found a shimmering blue altar of Sif Muna.
There is an open door here.
There is a shimmering blue altar of Sif Muna here.
You kneel at the altar of Sif Muna.
Sif Muna welcomes you!
You can now request divine energy to cast spells with insufficient magic.
There is an open door here.
Some of the chunks of flesh in your inventory have rotted away.
You see here a rapier.
o - a rapier You now have 116 gold pieces (gained 22).
Found a stone staircase leading up.
p - a pair of gloves A goblin comes into view.
It is wielding a +0 club.
The goblin shouts!
Found a stone staircase leading down.
A goblin is nearby!
Casting: Shock (safe; 2% risk of failure)
Confirm with . or Enter, or press ? or * to list all spells.
Aiming: Shock (safe; 2% risk of failure)
Press: ? - help, Shift-Dir - straight line The zap hits the goblin.
You kill the goblin!
Sif Muna accepts your kill.
Casting: Shock (safe; 2% risk of failure)
Confirm with . or Enter, or press ? or * to list all spells.
You can't see any susceptible monsters within range! (Use Z to cast anyway.)
Casting: Shock (safe; 2% risk of failure)
Confirm with . or Enter, or press ? or * to list all spells.
You can't see any susceptible monsters within range! (Use Z to cast anyway.)
q - a scroll of identify {@r1} You butcher the goblin corpse.
g - 4 chunks of flesh (gained 2)
Things that are here:
a +0 club; a goblin skeleton
Things that are here:
a +0 club; a goblin skeleton You now have 135 gold pieces (gained 19).
Some of the chunks of flesh in your inventory have rotted away.
r - a pair of gloves
s - 115 bolts A bat comes into view.
A bat is nearby!
Casting: Shock (safe; 2% risk of failure)
Confirm with . or Enter, or press ? or * to list all spells.
Aiming: Shock (safe; 2% risk of failure)
Press: ? - help, Shift-Dir - straight line The zap misses the bat.
The zap hits the bat!
You kill the bat!
Sif Muna accepts your kill.
Jessica the Apprentice Sorceress comes into view.
Jessica shouts!
Jessica mumbles some strange words.
Jessica seems to speed up.
You see here a bat corpse.
Casting: Shock (safe; 2% risk of failure)
Confirm with . or Enter, or press ? or * to list all spells.
Aiming: Shock (safe; 2% risk of failure)
Press: ? - help, Shift-Dir - straight line, f - Jessica
Aim: Jessica, wearing a +0 robe (fast)
The zap misses Jessica.
Casting: Shock (safe; 2% risk of failure)
Confirm with . or Enter, or press ? or * to list all spells.
Aiming: Shock (safe; 2% risk of failure)
Press: ? - help, Shift-Dir - straight line, f/p - Jessica
Aim: Jessica, wearing a +0 robe (fast)
The zap hits Jessica.
Jessica is heavily wounded.
Jessica grins evilly.
Jessica casts a spell at you. Pain shoots through your body!
Jessica points at you and mumbles some strange words.
Pain shoots through your body!
Ouch! That really hurt!
* * * LOW HITPOINT WARNING * * *
Casting: Shock (safe; 2% risk of failure)
Confirm with . or Enter, or press ? or * to list all spells.
Aiming: Shock (safe; 2% risk of failure)
Press: ? - help, Shift-Dir - straight line, f/p - Jessica
Aim: Jessica, wearing a +0 robe (heavily wounded, fast)
The zap misses Jessica.
Jessica points at you and mumbles some strange words.
You resist with some effort.
Casting: Shock (safe; 2% risk of failure)
Confirm with . or Enter, or press ? or * to list all spells.
Aiming: Shock (safe; 2% risk of failure)
Press: ? - help, Shift-Dir - straight line, f/p - Jessica
Aim: Jessica, wearing a +0 robe (heavily wounded, fast)
The zap hits Jessica but does no damage.
Jessica is heavily wounded.
Press: ? - help, v - describe, . - travel Jessica gestures at you while chanting.
Pain shoots through your body!
You die...

.....##.#.#..##....#
.....##.#.#....#####
......#.#.##.#..#
........#.##.##.##
........#.#..##..#
....)...#.#.####.#
........#.# #.#
..<..##..... #.#
.....# ##.#. #@###
.....# .# #.†.#
....## # ###.......
...## @...... ####
....... # ....... #
....... # ....... #
.......


You could see Jessica.

Vanquished Creatures
  A worm (D:2)
  2 dart slugs
  2 leopard geckos (D:1)
  A giant cockroach (D:1)
  5 goblins
  A hobgoblin (D:1)
  2 bats (D:2)
  A frilled lizard (D:1)
  4 rats (D:1)
19 creatures vanquished.

Notes
Turn   | Place    | Note
-------+----------+-------------------------------------------
     0 | D:1      | MisterOstroum the Avariel Air Elementalist began the quest
                  | for the Orb.
     0 | D:1      | Reached XP level 1. HP: 10/10 MP: 6/6
   318 | D:1      | Reached XP level 2. HP: 15/15 MP: 5/7
   340 | D:1      | Learned a level 2 spell: Swiftness
   914 | D:2      | Got a twitching pewter ring
   915 | D:2      | Identified the cursed ring "Anoc" {Dex+5 Slay-4 Stlth--}
                  | (You found it on level 2 of the Dungeon)
   918 | D:2      | Reached XP level 3. HP: 15/19 MP: 2/9
  1026 | D:2      | Found a shimmering blue altar of Sif Muna.
  1032 | D:2      | Became a worshipper of Sif Muna the Loreminder
  1183 | D:2      | Noticed Jessica
  1189 | D:2      | Killed from afar by Jessica

Skill      XL: |  1  2 |
---------------+-------+-----
Conjurations   | 2 3 |  3.4
Dodging        | |  2.1
Stealth        | |  2.1
Spellcasting   | |  2.6
Air Magic      | |  4.5

Action                   || total
-------------------------++-------
 Cast: Shock             ||    38
  Eat: Chunk             ||     1
Dodge: Dodged            ||     4
